 Dungeon Crawl Stone Soup version 0.21-a0-641-geef9d7f (webtiles) character file.

95 operationiv the Chopper (level 4, 0/61 HPs)
             Began as a Minotaur Berserker on Dec 31, 2017.
             Was a Believer of Trog.
             Slain by a goblin
             ... wielding a cursed -3 club
             ... led by Robin
              (1 damage)
             ... on level 2 of the Dungeon.
             The game lasted 00:02:22 (1508 turns).

operationiv the Chopper (Minotaur Berserker)        Turns: 1508, Time: 00:02:23

Health: 0/61       AC:  2    Str: 27    XL:     4   Next: 39%
Magic:  3/3        EV: 12    Int:  4    God:    Trog [**....]
Gold:   35         SH:  0    Dex: 10    Spells: 3/3 levels left

rFire    . . .     SeeInvis .   a - +0 hand axe
rCold    . . .     Gourm    .   (no shield)
rNeg     . . .     Faith    .   b - +0 animal skin
rPois    .         Spirit   .   (helmet restricted)
rElec    .         Reflect  .   (no cloak)
rCorr    .         Harm     .   (no gloves)
MR       .....                  (no boots)
Stlth    ..........             (no amulet)
HPRegen  0.20/turn              (no ring)
MPRegen  0.08/turn              (no ring)

@: berserking, very quick
A: retaliatory headbutt, horns 2
a: Berserk, Trog's Hand, Burn Spellbooks, Renounce Religion


You were on level 2 of the Dungeon.
You worshipped Trog.
Trog was pleased with you.
You were near starving.

You visited 1 branch of the dungeon, and saw 2 of its levels.

You collected 35 gold pieces.

Inventory:

Hand Weapons
 a - a +0 hand axe (weapon)
Armour
 b - a +0 animal skin (worn)
Scrolls
 f - a scroll of remove curse {unknown}
 g - a scroll of enchant armour {unknown}
 h - 2 scrolls of identify {unknown}
 i - a scroll of teleportation {unknown}
Potions
 d - a potion of might {unknown}
 e - a potion of brilliance {unknown}
Comestibles
 c - 2 rations


   Skills:
 + Level 4.3 Fighting
 * Level 4.9 Axes
 + Level 3.2 Armour
 + Level 3.0 Dodging


You had 3 spell levels left.
You didn't know any spells.

Dungeon Overview and Level Annotations

Branches:
Dungeon (2/15)

Altars:

Annotations:
D:2 Robin


Innate Abilities, Weirdness & Mutations

You reflexively headbutt those who attack you in melee.
You have a pair of horns on your head.


Message History

You closely miss the hobgoblin. You headbutt the hobgoblin.
You kill the hobgoblin!
Trog accepts your kill.
You hit the goblin. The goblin closely misses you.
You hit Robin. Your headbutt misses Robin.
Robin is lightly wounded.
You hit the goblin. The goblin hits you with a club.
* * * LOW HITPOINT WARNING * * *
Robin hits you with a mace.
* * * LOW HITPOINT WARNING * * *
You hit Robin.
Robin is moderately wounded.
You miss the goblin. The goblin closely misses you. Robin hits you with a mace!
* * * LOW HITPOINT WARNING * * *
A red film seems to cover your vision as you go berserk!
You feel yourself moving faster!
You feel mighty!
You are near starving!
The goblin no longer looks unusually strong.
The goblin hits you with a club.
You die...

######### ###
#.......#
####.#####.#####.#
.).........# #.#
##.....##### #g#
##...## #@# ##.##
#g# #.#


gg# #.# #.## #'# #. (.. #> #. .. You could see Robin, a hobgoblin and 2 goblins.

Vanquished Creatures
  An adder (D:2)
  3 gnolls (D:2)
  A dart slug (D:1)
  2 leopard geckos
  2 ball pythons
  5 bats
  4 giant cockroaches
  7 goblins
  12 hobgoblins
  A quokka (D:2)
  A frilled lizard (D:2)
  5 kobolds
  3 rats
47 creatures vanquished.

Notes
Turn   | Place    | Note
-------+----------+-------------------------------------------
     0 | D:1      | operationiv the Minotaur Berserker began the quest for the Orb.
     0 | D:1      | Reached XP level 1. HP: 19/19 MP: 0/0
   265 | D:1      | Reached XP level 2. HP: 27/27 MP: 1/1
   771 | D:1      | Reached XP level 3. HP: 32/33 MP: 2/2
  1305 | D:2      | Reached ** piety under Trog
  1377 | D:2      | Reached XP level 4. HP: 3/40 MP: 3/3
  1378 | D:2      | HP: 3/60 [leopard gecko (1)]
  1492 | D:2      | Noticed Robin
  1507 | D:2      | HP: 1/41 [Robin/mace (7)]
  1508 | D:2      | Slain by a goblin

Vault maps used:
D:1:      minmay_arrival_floating_metal, minmay_misc_feat_room, nrook_uturn
D:2:      uniq_crazy_yiuf_cottage, uniq_robin

Skill      XL: |  1  2  3  4 |
---------------+-------------+-----
Axes           | 4 |  4.9
Fighting       | 4 |  4.3
Armour         | 3 |  3.2
Dodging        | 3 |  3.0

Action                   |  1- 3 |  4- 6 || total
-------------------------+-------+-------++-------
Melee: Hand axe          |    70 |    22 ||    92
       Headbutt          |     6 |     3 ||     9
Invok: Berserk           |     1 |     2 ||     3
       Trog's Hand       |       |     1 ||     1
  Eat: Chunk             |     2 |     1 ||     3
Armor: Animal skin       |    18 |     1 ||    19
Dodge: Dodged            |    50 |     9 ||    59

Table legend:
 A = Spawn XP
 B = Non-spawn XP
 C = Spawn XP percentage of total XP
 D = Spawn monster count
 E = Non-spawn monster count
 F = Spawn count percentage of total count
 G = Total turns spent on level
                    A         B        C        D         E        F      G
               +---------+---------+-------+---------+---------+-------+---------
         Total |       0 |     136 |   0.0 |       0 |      47 |   0.0 |  1508
               +---------+---------+-------+---------+---------+-------+---------
           D:1 |       0 |      46 |   0.0 |       0 |      24 |   0.0 |  1261
           D:2 |       0 |      90 |   0.0 |       0 |      23 |   0.0 |   247
               +---------+---------+-------+---------+---------+-------+---------
